 Dungeon Crawl Stone Soup version 0.27.1-34-g3ba077fa99 (webtiles) character file.

Game seed: 2142284194206252487

5520 Delamore the Covert (level 10, -2/66 HPs)
             Began as an Octopode Brigand on Jan 31, 2022.
             Was an Initiate of Gozag.
             Slain by a two-headed ogre (29 damage)
             ... on level 9 of the Dungeon.
             The game lasted 00:11:10 (9840 turns).

Delamore the Covert (Octopode Brigand)              Turns: 9840, Time: 00:11:11

Health: -2/66      AC:  5    Str: 11    XL:     10   Next: 70%
Magic:  10/10      EV: 15    Int: 14    God:    Gozag
Gold:   1129       SH:  0    Dex: 16    Spells: 9/9 levels left

rFire    . . .     SeeInvis .   e - +2 short sword (spect)
rCold    . . .     Faith    .   (no shield)
rNeg     . . .     Spirit   .   (helmet restricted)
rPois    +         Reflect  .   s - amulet of magic regeneration
rElec    .         Harm     .   D - ring of poison resistance
rCorr    .         Rampage  .   E - +4 ring of protection
Will     .....                  (no ring)
Stlth    ++++++....             (no ring)
HPRegen  0.21/turn              (no ring)
MPRegen  0.37/turn              (no ring)
                                (no ring)
                                (no ring)

@: no status effects
A: almost no armour, amphibious, 8 rings, camouflage 1, gelatinous body 1,
(nimble swimmer 1), tentacles
a: Renounce Religion, Potion Petition, Call Merchant, Bribe Branch


You were on level 9 of the Dungeon.
You worshipped Gozag.
Gozag was most pleased with you.
You visited 2 branches of the dungeon, and saw 10 of its levels.

You collected 1280 gold pieces.
You spent 105 gold pieces at shops.
You paid 46 gold pieces to Gozag.

Inventory:

Hand Weapons
 a - a +2 dagger
 d - a +1 dagger of distortion
 e - a +2 spectral short sword (weapon)
 q - a +0 short sword of electrocution
Missiles
 b - 7 poisoned darts (quivered)
 c - 2 curare-tipped darts
Jewellery
 s - an amulet of magic regeneration (around mantle)
 D - a ring of poison resistance (left tentacle)
 E - a +4 ring of protection (right tentacle)
Wands
 f - a wand of iceblast (8)
 u - a wand of paralysis (2)
 w - a wand of charming (17)
 A - a wand of mindburst (10)
 C - a wand of polymorph (6)
Scrolls
 i - a scroll of magic mapping
 j - a scroll of torment
 p - 3 scrolls of vulnerability
 t - 2 scrolls of teleportation
 x - a scroll of amnesia
 y - a scroll of enchant armour {unknown}
 F - a scroll of enchant weapon {unknown}
Potions
 g - a potion of attraction {unknown}
 h - 3 potions of heal wounds
 k - 3 potions of degeneration
 l - 2 potions of might
 m - 2 potions of lignification
 n - a potion of resistance {unknown}
 o - 2 potions of ambrosia {unknown}
 r - 2 potions of brilliance {unknown}
 z - 2 potions of curing {unknown}
 B - 2 potions of haste {unknown}
 G - 2 potions of flight {unknown}
Miscellaneous
 v - a phantom mirror


   Skills:
 - Level 5.0 Fighting
 + Level 10.9 Short Blades
 - Level 2.0 Throwing
 - Level 5.0 Dodging
 + Level 13.3 Stealth
 + Level 5.0 Evocations


You had 9 spell levels left.
You didn't know any spells.
Your spell library contained the following spells:

 Spells                   Type           Power      Damage    Failure   Level
 Animate Skeleton         Necr           0%         N/A       28%         1
 Apportation              Tloc           0%         N/A       28%         1
 Corona                   Hex            0%         N/A       28%         1
 Sandblast                Erth           0%         2d4       28%         1
 Summon Small Mammal      Summ           0%         N/A       28%         1
 Passwall                 Tmut/Erth      0%         N/A       41%         2
 Passage of Golubria      Tloc           N/A        N/A       96%         4
 Summon Ice Beast         Ice/Summ       0%         N/A       96%         4
 Lee's Rapid Deconstruct  Erth           0%         3d5*      100%        5
 Silence                  Hex/Air        0%         N/A       100%        5
 Summon Mana Viper        Hex/Summ       0%         N/A       100%        5
 Monstrous Menagerie      Summ           0%         N/A       100%        7
 Lehudib's Crystal Spear  Conj/Erth      0%         10d2      100%        8


Dungeon Overview and Level Annotations

Branches:
Dungeon (9/15)             Temple (1/1) D:4             Orc (0/2) D:9
   Lair: D:8-11

Altars:
Ashenzari
Cheibriados
Dithmenos
Fedhas
Gozag
Kikubaaqudgha
Makhleb
Sif Muna
Vehumet
Beogh

Shops:
D:4 *   D:9 =


Innate Abilities, Weirdness & Mutations

You cannot wear most types of armour.
You are amphibious.
You can wear up to eight rings at the same time.
Your skin changes colour to match your surroundings (Stealth+).
Your rubbery body absorbs attacks. (AC +1, EV +1)
((You are camouflaged near water. (Stealth+)))
You have tentacles for arms and can constrict up to eight enemies at once.


Message History

The steam dragon is lightly wounded.
Your +2 spectral short sword hits the steam dragon!
You hit the steam dragon but do no damage.
Your squeeze misses the steam dragon.
The steam dragon is moderately wounded.
Your +2 spectral short sword hits the steam dragon.
The steam dragon misses your +2 spectral short sword.
The steam dragon claws your +2 spectral short sword.
You closely miss the steam dragon. Your squeeze misses the steam dragon.
The steam dragon is heavily wounded.
Your +2 spectral short sword hits the steam dragon.
A two-headed ogre comes into view.
It is wielding a +0 giant club and a +0 giant spiked club.
You hit the steam dragon.
The steam dragon is almost dead.
Your +2 spectral short sword hits the steam dragon!
You kill the steam dragon!
Your Evocations skill increases to level 5!
You swap places.
You see here 14 gold pieces.
You hit the two-headed ogre.
The two-headed ogre is lightly wounded.
Your +2 spectral short sword barely misses the two-headed ogre.
The two-headed ogre barely misses you.
The two-headed ogre hits you with a +0 giant spiked club!!
You are too injured to fight recklessly!
You are too injured to fight recklessly!
A two-headed ogre is nearby!
You are too injured to fight recklessly!
You see here 14 gold pieces.
Aiming: Paralyse
Press: ? - help, Shift-Dir - straight line, f - two-headed ogre
Aim: a two-headed ogre, wielding a +0 giant club and a +0 giant spiked club (lightly wounded, chance to affect: 43%)
The two-headed ogre resists with some effort.
The two-headed ogre hits you with a +0 giant club!
The two-headed ogre closely misses you.
There is an escape hatch in the floor here.
You see here 15 gold pieces.
The two-headed ogre hits you with a +0 giant club!!
You die...
Your body crumbles into a pile of gold.

#...........# .............
#...######..# #..............
..########..# #...........>.#
..#.....##..# #...######....#
..#.....##..#######...# #....#
..#.._..##............######....#
..#.....#........................
..#.$$$.#........................
..###$###...####@................
..#8..$8##..# #.O.###..$########
........##..# #...###...#
.....>..##..# #.........#
............# #.........#
...)........# #.........#
##..#####...# #....##...# #..#
#...# #....##...# ##..# #(..#
#....##...#


You could see a two-headed ogre.

Vanquished Creatures
  A two-headed ogre (D:9)
  An ugly thing (D:8)
  2 trolls
  Grinder (D:3)
  3 wyverns
  A steam dragon (D:9)
  A water moccasin (D:7)
  3 ice beasts
  A black bear (D:6)
  A necrophage (D:6)
  2 ogres
  3 centaurs
  A phantom (D:7)
  A bullfrog (D:7)
  A water moccasin zombie (D:5)
  4 scorpions
  A wyvern skeleton (D:3)
  6 killer bees (D:8)
  3 wights (D:8)
  An electric eel (D:7)
  2 howler monkeys
  2 bullfrog zombies (D:6)
  4 centaur zombies
  5 hounds
  4 orc priests
  A jelly (D:4)
  5 iguanas (D:6)
  Terence (D:2)
  8 orc wizards
  A hound skeleton (D:5)
  A howler monkey skeleton (D:6)
  7 adders
  6 shadow imps
  3 white imps
  An ufetubus (D:3)
  3 worms
  2 dart slugs (D:2)
  22 orcs
  8 ball pythons
  6 bats
  5 endoplasms
  A giant cockroach (D:3)
  5 goblins
  4 hobgoblins
  7 jackals
  4 quokkas
  2 frilled lizards (D:3)
  A kobold (D:2)
  3 rats
162 creatures vanquished.

Notes
Turn   | Place    | Note
-------+----------+-------------------------------------------
     0 | D:1      | Delamore the Octopode Brigand began the quest for the Orb.
     0 | D:1      | Reached XP level 1. HP: 14/14 MP: 1/1
   168 | D:1      | Reached XP level 2. HP: 18/19 MP: 2/2
   462 | D:1      | Reached skill level 6 in Stealth
   901 | D:2      | Noticed Terence
  1129 | D:2      | Reached skill level 5 in Short Blades
  1129 | D:2      | Reached skill level 11 in Stealth
  1129 | D:2      | Reached XP level 3. HP: 24/24 MP: 3/3
  1149 | D:2      | Killed Terence
  1150 | D:2      | Reached XP level 4. HP: 29/29 MP: 4/4
  1444 | D:2      | Reached XP level 5. HP: 30/34 MP: 5/5
  1743 | D:3      | Noticed Grinder
  1752 | D:3      | Paralysed by Grinder for 3 turns
  1762 | D:3      | Killed Grinder
  1763 | D:3      | Reached XP level 6. HP: 15/41 MP: 6/6
  3009 | D:4      | Found a staircase to the Ecumenical Temple.
  3062 | Temple   | Entered the Ecumenical Temple
  3099 | Temple   | Became a worshipper of Gozag Ym Sagoz the Greedy
  3254 | D:4      | Found Tipogop's General Store.
  3262 | D:4      | Bought a scroll of fear for 49 gold pieces
  3262 | D:4      | Bought a potion of degeneration for 14 gold pieces
  3262 | D:4      | Bought a scroll of teleportation for 42 gold pieces
  3718 | D:4      | Reached XP level 7. HP: 41/46 MP: 7/7
  3961 | D:5      | Entered Level 5 of the Dungeon
  4022 | D:5      | Identified the +3 ring mail of Basul {Harm Dex+4}
  4628 | D:5      | Reached XP level 8. HP: 35/54 MP: 8/8
  5574 | D:6      | Found a blossoming altar of Fedhas.
  5789 | D:6      | Reached XP level 9. HP: 59/59 MP: 9/9
  6013 | D:6      | Noticed a troll
  6016 | D:6      | Killed a troll
  6017 | D:6      | Reached skill level 5 in Fighting
  6024 | D:6      | Reached skill level 5 in Dodging
  6540 | D:6      | Reached skill level 10 in Short Blades
  6934 | D:7      | Reached skill level 12 in Stealth
  6978 | D:7      | Reached skill level 1 in Evocations
  7434 | D:7      | Reached XP level 10. HP: 66/66 MP: 10/10
  8280 | D:8      | Noticed a red ugly thing
  8287 | D:8      | Killed a red ugly thing
  8981 | D:9      | Noticed a two-headed ogre
  9008 | D:9      | Killed a two-headed ogre
  9009 | D:9      | Reached skill level 13 in Stealth
  9434 | D:9      | Found Velodif's Jewellery Shoppe.
  9461 | D:9      | Found a staircase to the Orcish Mines.
  9802 | D:9      | Noticed a two-headed ogre
  9804 | D:9      | Reached skill level 5 in Evocations
  9840 | D:9      | Slain by a two-headed ogre

Illustrated notes

Levels and vault maps discovered:
D:1:      dpeg_arrival_connections, layout_loops_ring
D:2:      layout_basic, shapermc_ecumenical_altar_petra,
          minmay_misc_feat_square, uniq_terence
D:3:      layout_basic, uniq_grinder
D:4:      layout_gridville, minmay_temple_entry_wispy, serial_shops,
          nicolae_shop_temple_entry_statues_fountains, solitary_fountain,
          kennysheep_potato
D:5:      layout_cave_pools
D:6:      kennysheep_windowed_halls, layout_cave_pools, fedhas_altar_3
D:7:      layout_rooms, minmay_splitting_lines, minivault_4,
          chequers_serial_rivers_micro_b, minmay_quadrilaterals
D:8:      layout_rooms
D:9:      layout_small_grid, minmay_orc_entry_temple_small, serial_shops,
          shop_fountains, kennysheep_generic_room_4
Temple:   minmay_crystal_snake_temple

Skill      XL: |  1  2  3  4  5  6  7  8  9 10 |
---------------+-------------------------------+-----
Stealth        | 11 12 13 | 13.3
Short Blades   | 5 6 7 8 10 | 10.9
Dodging        | 2 3 4 5 |  5.0
Fighting       | 3 4 5 |  5.0
Evocations     | 2 5 |  5.0
Throwing       | |  2.0

Action                   |  1- 3 |  4- 6 |  7- 9 | 10-12 || total
-------------------------+-------+-------+-------+-------++-------
Melee: Dagger            |    13 |       |       |    27 ||    40
       Constrict         |     4 |    13 |    27 |    19 ||    63
       Tentacles         |     3 |     9 |    42 |    27 ||    81
       Short sword       |    12 |    88 |   192 |    89 ||   381
Throw: Dart              |     1 |     1 |     5 |       ||     7
Evoke: Wand              |       |       |     3 |     2 ||     5
  Use: Scroll            |     2 |     3 |     3 |     3 ||    11
       Potion            |     1 |       |       |       ||     1
 Stab: Sleeping          |     8 |    21 |    19 |     7 ||    55
       Distracted        |       |     2 |     4 |     1 ||     7
       Paralysed         |       |       |       |     1 ||     1
Armor: Skin              |     1 |    12 |    14 |    13 ||    40
Dodge: Dodged            |    10 |    27 |    92 |    55 ||   184
